 Dungeon Crawl Stone Soup version 0.23-a0-641-g0a7f1ce553 (webtiles) character file.

1187 Napalmbreeze the Chopper (level 8, -4/73 HPs)
             Began as a Deep Dwarf Fighter on Dec 29, 2018.
             Was a Believer of Makhleb.
             Slain by an ogre
             ... wielding a cursed +0 giant club
              (9 damage)
             ... on level 5 of the Dungeon.
             The game lasted 00:05:40 (3895 turns).

Napalmbreeze the Chopper (Deep Dwarf Fighter)       Turns: 3895, Time: 00:05:40

Health: -4/73      AC: 10    Str: 21 (22) XL:     8   Next: 19%
Magic:  17/17      EV: 11    Int:  6 (9)  God:    Makhleb [**....]
Gold:   187        SH:  0    Dex:  8 (12) Spells: 7/7 levels left

rFire    . . .     SeeInvis .   a - +0 war axe
rCold    . . .     Gourm    .   (no shield)
rNeg     . . .     Faith    .   b - +0 scale mail
rPois    .         Spirit   .   (no helmet)
rElec    .         Reflect  .   (no cloak)
rCorr    .         Harm     .   p - +2 pair of gloves
MR       +....                  (no boots)
Stlth    ..........             (no amulet)
HPRegen  0.00/turn              m - ring of wizardry
MPRegen  0.15/turn              v - ring of magical power

@: non-regenerating
A: damage resistance, heal wounds, sense surroundings 1, no regeneration
a: Heal Wounds, Minor Destruction, Renounce Religion


You were on level 5 of the Dungeon.
You worshipped Makhleb.
Makhleb was pleased with you.
You were not hungry.

You visited 1 branch of the dungeon, and saw 5 of its levels.

You collected 247 gold pieces.
You spent 60 gold pieces at shops.

Inventory:

Hand Weapons
 a - a +0 war axe (weapon)
Armour
 b - a +0 scale mail (worn)
 c - a +0 shield
 p - a +2 pair of gloves (worn)
Jewellery
 m - a ring of wizardry (left hand)
 v - a ring of magical power (right hand)
Wands
 w - a wand of iceblast (9)
Scrolls
 e - 3 scrolls of teleportation
 h - a scroll of amnesia
 l - a scroll of random uselessness
 o - 4 scrolls of enchant armour {unknown}
 q - 2 scrolls of remove curse
 u - a scroll of magic mapping {unknown}
 y - a scroll of fog {unknown}
Potions
 d - a potion of might
 g - a potion of magic {unknown}
 i - 2 potions of mutation {unknown}
 j - 2 potions of degeneration
 k - a potion of heal wounds
 n - a potion of curing {unknown}
 r - 2 potions of flight {unknown}
 s - 2 potions of haste {unknown}
 t - a potion of agility {unknown}
Comestibles
 f - 12 rations
 x - 5 chunks of flesh


   Skills:
 + Level 4.7 Fighting
 * Level 7.0 Axes
 + Level 5.7 Armour
 + Level 4.4 Dodging
 - Level 3.2 Shields
 + Level 1.6 Invocations


You had 7 spell levels left.
You didn't know any spells.
Your spell library was empty.

Dungeon Overview and Level Annotations

Branches:
Dungeon (5/15)
 Temple: D:4-7

Altars:
Elyvilon
Hepliaklqana
Kikubaaqudgha
Makhleb
Wu Jian
Xom

Shops:
D:4 !

Annotations:
D:5 Prince Ribbit


Innate Abilities, Weirdness & Mutations

You are resistant to damage.
You can heal yourself by infusing magical energy.
You passively map a small area around you.
You do not regenerate.


Message History

Found a green potion.
You barely miss the ogre.
The ogre hits you with a cursed +0 giant club!!
You are too injured to fight recklessly!
You are too injured to fight recklessly!
You are too injured to fight recklessly!
You are too injured to fight recklessly!
You are too injured to fight recklessly!
You hit the ogre.
The ogre is lightly wounded.
The ogre hits you with a cursed +0 giant club!
* * * LOW HITPOINT WARNING * * *
You closely miss the ogre.
The ogre is lightly wounded.
The ogre hits you with a cursed +0 giant club!
* * * LOW HITPOINT WARNING * * *
You slash the ogre!
The ogre is heavily wounded.
The ogre hits you with a cursed +0 giant club!
You die...

#.....).. *##########
###.......# .........##
##.........# ,
.>........###..#........
*
......!.......#........#
!..........###.........#
........................
...........###.##...#..#
, ......O@...#
#.##.#...##
...........###(##...###*
...........#).....###**
##########(.(..#### ,
##.....##### ,
##...........#
#..##.######.. #####.#
#.# * ,


You could see an ogre.

Vanquished Creatures
  Grinder (D:3)
  A hungry ghost (D:3)
  A phantom (D:4)
  An ogre (D:5)
  A centaur (D:5)
  A quasit (D:5)
  An orc priest (D:3)
  A hound (D:5)
  A centaur skeleton (D:4)
  A gnoll shaman (D:4)
  2 orc wizards (D:4)
  7 worker ants
  A hound zombie (D:5)
  7 adders
  5 gnolls (D:4)
  A howler monkey skeleton (D:5)
  A shadow imp (D:5)
  3 oozes
  An adder skeleton (D:4)
  A worm (D:3)
  2 dart slugs
  2 leopard geckos
  6 orcs
  3 ball pythons (D:3)
  5 giant cockroaches
  9 goblins
  13 hobgoblins
  4 jackals
  2 quokkas
  9 bats
  A frilled lizard (D:1)
  11 kobolds
  3 rats
109 creatures vanquished.

Notes
Turn   | Place    | Note
-------+----------+-------------------------------------------
     0 | D:1      | Napalmbreeze the Deep Dwarf Fighter began the quest for the
                  | Orb.
     0 | D:1      | Reached XP level 1. HP: 20/20 MP: 1/1
   163 | D:1      | Reached XP level 2. HP: 27/27 MP: 2/2
   553 | D:1      | Reached skill level 1 in Dodging
   785 | D:2      | Found an ornate altar of the Wu Jian Council.
   787 | D:2      | Reached skill level 3 in Axes
   787 | D:2      | Reached XP level 3. HP: 29/33 MP: 3/3
   829 | D:2      | Found an ancient bone altar of Kikubaaqudgha.
  1087 | D:2      | Reached XP level 4. HP: 27/42 MP: 4/4
  1469 | D:2      | Found a burning altar of Makhleb.
  1588 | D:2      | Became a worshipper of Makhleb the Destroyer
  1646 | D:2      | Found a white marble altar of Elyvilon.
  2029 | D:3      | Reached skill level 4 in Axes
  2091 | D:3      | Reached XP level 5. HP: 47/49 MP: 5/5
  2321 | D:3      | Noticed a hungry ghost
  2369 | D:3      | Killed a hungry ghost
  2369 | D:3      | Reached XP level 6. HP: 32/57 MP: 6/6
  2395 | D:3      | Noticed Grinder
  2399 | D:3      | Paralysed by Grinder for 4 turns
  2425 | D:3      | Paralysed by Grinder for 2 turns
  2427 | D:3      | Killed Grinder
  2427 | D:3      | Reached skill level 5 in Axes
  2612 | D:3      | Reached * piety under Makhleb
  2797 | D:4      | Reached XP level 7. HP: 36/64 MP: 7/7
  2854 | D:4      | Reached skill level 5 in Armour
  2948 | D:4      | Found Mawoov's Distillery.
  2956 | D:4      | Bought a potion of heal wounds for 60 gold pieces
  3034 | D:4      | Reached skill level 6 in Axes
  3678 | D:4      | Found a shimmering altar of Xom.
  3681 | D:4      | Found a hazy altar of Hepliaklqana.
  3683 | D:4      | Noticed a spectral ugly thing
  3750 | D:5      | Entered Level 5 of the Dungeon
  3783 | D:5      | Reached XP level 8. HP: 60/73 MP: 8/8
  3785 | D:5      | Reached ** piety under Makhleb
  3805 | D:5      | Noticed Prince Ribbit
  3821 | D:5      | Reached skill level 1 in Invocations
  3870 | D:5      | Reached skill level 7 in Axes
  3895 | D:5      | Slain by an ogre

Vault maps used:
D:1:      dpeg_arrival_windows_large_door
D:2:      lightli_temple_of_fire, marbit_many_paths, lemuel_crystal_altar,
          kiku_gazebo_garden_becter, st_stairs_13,
          hangedman_decor_diamond_cutter, chequers_serial_rivers_large_a,
          chequers_serial_rivers_micro_c
D:3:      portal_sewer_entry_b, chequers_big_river, uniq_grinder
D:4:      regret_index_temple_of_mockery, first_ration, serial_shops, shop
D:5:      lemuel_coloured_pillars_altar, uniq_prince_ribbit1

Skill      XL: |  1  2  3  4  5  6  7  8 |
---------------+-------------------------+-----
Dodging        | 1 2 3 4 |  4.4
Axes           | 3 4 5 6 7 |  7.0
Fighting       | 3 4 |  4.7
Armour         | 4 5 |  5.7
Invocations    | 1 |  1.6
Shields        | |  3.2

Action                   |  1- 3 |  4- 6 |  7- 9 || total
-------------------------+-------+-------+-------++-------
Melee: War axe           |    94 |   148 |   145 ||   387
 Abil: Heal Wounds       |       |     2 |     5 ||     7
  Use: Scroll            |       |     5 |       ||     5
       Potion            |       |       |     2 ||     2
  Eat: Chunk             |     1 |    11 |     4 ||    16
       Ration            |       |     2 |       ||     2
Armor: Scale mail        |    65 |    95 |   135 ||   295
Dodge: Dodged            |    51 |    98 |   194 ||   343

Table legend:
 A = Non-vault XP
 B = Vault XP
 C = Vault XP percentage of total XP
 D = Non-vault monster count
 E = Vault monster count
 F = Vault count percentage of total count
                 A         B        C        D         E       F
            +---------+---------+-------+---------+---------+-------
      Total |    1407 |     290 |  17.1 |     102 |       7 |   6.4
            +---------+---------+-------+---------+---------+-------
        D:1 |      38 |       0 |   0.0 |      19 |       0 |   0.0
        D:2 |      94 |       4 |   4.1 |      26 |       2 |   7.1
        D:3 |     299 |     286 |  48.9 |      23 |       5 |  17.9
        D:4 |     581 |       0 |   0.0 |      23 |       0 |   0.0
        D:5 |     395 |       0 |   0.0 |      11 |       0 |   0.0
            +---------+---------+-------+---------+---------+-------
